Map: Ultralove

Players

Serral

  • Race: Zerg Zerg
  • League: Master
  • Spawn Location: 7:00

LiquidClem (Clem) - Winner!

  • Race: Terran Terran
  • League: Grandmaster
  • Spawn Location: 1:00

VOD

Have the link to the VOD?

Description

Time

  • Played on: June 7, 2025, 1:20 p.m.
  • Length: 10:03
Show
View Real Time Build Order
Export as new Build Order

Serral Zerg 

Build Orders: Hatch First 

Get SALT Encoding   

  12  0:00  Drone  
  13  0:08  Drone  
  14  0:14  Drone, Extractor  
  14  0:21  Overlord  
  15  0:39  Drone  
  16  0:44  Hatchery  
  16  0:48  Drone  
  16  0:52  Drone  
  16  0:55  Drone  
  18  1:05  Extractor  
  18  1:10  Spawning Pool  
  16  1:13  Drone  
  16  1:18  Drone  
  18  1:26  Drone  
  19  1:37  Drone  
  20  1:47  Drone  
  21  1:56  Queen x2  
  21  1:58  Zergling x4  
  27  2:13  Overlord  
  27  2:21  Hatchery  
  26  2:23  Drone x2  
  26  2:29  Drone  
  28  2:32  Drone x2  
  30  2:41  Queen  
  32  2:46  Overlord  
  32  2:49  Drone  
  33  2:52  Drone  
  33  2:54  Drone  
  35  3:03  Overlord  
  35  3:05  Drone x3  
  38  3:07  Drone  
  38  3:10  Drone x2  
  38  3:12  Drone  
  42  3:15  Drone  
  43  3:24  Roach Warren  
  43  3:26  Queen  
  44  3:28  Drone  
  44  3:34  Queen  
  45  3:37  Overlord  
  45  3:40  Drone  
  48  3:43  Drone x2  
  48  3:45  Drone  
  51  3:49  Overlord  
  51  3:51  Drone  
  51  3:52  Drone  
  53  3:56  Drone x2  
  55  4:04  Overlord  
  55  4:06  Roach x3  
  55  4:08  Roach  
  63  4:13  Roach, Evolution Chamber  
  63  4:15  Drone x2  
  66  4:18  Roach  
  66  4:19  Drone x2  
  66  4:22  Drone  
  66  4:23  Drone  
  72  4:27  Drone  
  72  4:29  Drone  
  72  4:30  Lair  
  74  4:33  Overlord  
  74  4:37  Drone x3  
  77  4:42  Drone x2  
  79  4:47  Overlord  
  79  4:50  Drone x2  
  79  4:52  Roach  
  81  4:53  Queen  
  81  4:55  Spore Crawler  
  81  4:58  Spore Crawler  
  81  4:59  Spore Crawler  
  80  5:00  Drone x2, Extractor  
  80  5:02  Drone x2  
  83  5:07  Drone x3  
  83  5:10  Drone  
  83  5:11  Extractor x2  
  86  5:14  Drone x7  
  92  5:22  Hatchery  
  92  5:25  Drone x2  
  92  5:27  Extractor x2  
  92  5:28  Overseer  
  91  5:29  Overlord  
  91  5:31  Glial Reconstitution  
  91  5:34  Drone x2  
  93  5:39  Overlord  
  91  5:48  Drone x6  
  95  5:50  Drone  
  95  5:51  Drone  
  95  5:52  Drone x2  
  92  5:59  Drone x2  
  92  6:04  Drone, Infestation Pit  
  91  6:12  Drone x5  
  91  6:14  Zerg Ground Armor Level 1  
  91  6:18  Evolution Chamber  
  94  6:19  Infestation Pit  
  94  6:20  Metabolic Boost  
  94  6:22  Spore Crawler  
  94  6:23  Roach x2  
  96  6:29  Roach  
  96  6:32  Roach, Spore Crawler  
  99  6:37  Spore Crawler  
  97  6:41  Queen x2  
  97  6:43  Roach x2  
  106  6:49  Zerg Missile Weapons Level 1  
  106  6:51  Infestor x2  
  106  6:53  Infestor  
  113  6:56  Drone x5  
  113  6:58  Overlord  
  113  6:59  Roach  
  120  7:06  Overlord, Extractor  
  120  7:07  Overlord, Hive  
  120  7:08  Overlord  
  119  7:10  Overlord  
  119  7:13  Overlord  
  119  7:20  Ravager  
  120  7:24  Ravager, Queen  
  120  7:25  Roach x6  
  120  7:27  Overlord  
  135  7:30  Ravager  
  135  7:31  Zergling x14  
  135  7:35  Zergling x2  
  144  7:42  Zergling x12  
  144  7:43  Ravager  
  150  7:48  Roach x2, Zergling x10  
  155  7:55  Roach x2, Zergling x6  
  158  7:58  Ravager  
  158  7:59  Overlord  
  155  8:07  Overlord x3  
  155  8:08  Overlord x2  
  155  8:09  Overlord  
  143  8:17  Roach x5  
  143  8:18  Zergling x8  
  155  8:22  Roach x2, Zergling x2  
  156  8:31  Ultralisk Cavern  
  154  8:37  Drone x2  
  154  8:38  Drone  
  156  8:42  Zergling x8  
  156  8:45  Ravager  
  156  8:47  Zergling x4  
  163  8:51  Zergling x4  
  163  8:55  Zergling x4  
  156  9:03  Zergling x4  
  156  9:09  Roach  
  167  9:10  Roach x4  
  167  9:11  Ravager  
  167  9:13  Queen  
  167  9:16  Zergling x6  
  173  9:23  Zergling x4  
  166  9:27  Zergling x2  
  166  9:30  Overseer  
  173  9:38  Zergling x4  
  166  9:40  Zergling x4  
  145  9:46  Zergling x2  
Show
View Real Time Build Order
Export as new Build Order

LiquidClem Terran - Winner!

Build Orders: Reaper Expand, Hellion Banshee 

Get SALT Encoding   

  12  0:00  SCV  
  13  0:12  SCV  
  14  0:16  Supply Depot  
  14  0:24  SCV  
  15  0:38  SCV  
  15  0:39  Barracks  
  15  0:42  Refinery  
  16  0:50  SCV  
  17  1:02  SCV  
  18  1:14  SCV  
  19  1:26  Reaper, Orbital Command  
  20  1:38  Command Center  
  20  1:45  Supply Depot  
  20  1:52  SCV  
  21  1:58  Marine  
  22  2:04  SCV  
  23  2:09  Factory  
  23  2:16  SCV  
  23  2:20  Barracks Reactor  
  24  2:28  SCV  
  25  2:38  Command Center  
  25  2:40  SCV  
  26  2:50  Orbital Command  
  26  2:52  SCV  
  27  2:58  Starport  
  27  3:03  Hellion  
  27  3:05  SCV  
  30  3:09  Hellion  
  32  3:13  Refinery  
  32  3:15  SCV  
  32  3:17  SCV  
  32  3:19  Barracks Tech Lab  
  34  3:24  Hellion  
  36  3:29  SCV  
  36  3:30  Hellion, SCV  
  40  3:41  SCV  
  41  3:43  Banshee  
  41  3:45  Marine  
  45  3:49  Orbital Command  
  45  3:50  SCV  
  45  3:52  Hellion  
  45  3:53  SCV  
  49  3:57  Hellion  
  49  4:01  Cloaking Field  
  49  4:02  SCV  
  52  4:05  SCV  
  52  4:06  Barracks Tech Lab  
  53  4:11  Supply Depot  
  53  4:14  SCV  
  53  4:15  SCV  
  55  4:17  SCV  
  55  4:21  Barracks  
  56  4:26  SCV, Factory Reactor  
  56  4:27  SCV, Barracks  
  56  4:29  SCV  
  59  4:32  Banshee  
  59  4:35  Marine  
  59  4:37  Supply Depot  
  63  4:41  SCV x2  
  63  4:44  Refinery  
  65  4:45  Refinery  
  65  4:48  SCV  
  64  4:52  Stimpack  
  64  4:53  Marine  
  64  4:55  Orbital Command  
  64  4:56  SCV  
  66  5:00  SCV  
  66  5:03  Engineering Bay x2  
  67  5:08  SCV  
  67  5:11  Marine  
  67  5:12  SCV, Supply Depot  
  67  5:13  Marine x2  
  72  5:20  SCV  
  73  5:22  SCV  
  73  5:23  Barracks  
  73  5:25  Marine, Barracks  
  73  5:26  Marine  
  73  5:27  SCV  
  77  5:28  Starport Reactor  
  77  5:30  Supply Depot  
  77  5:33  Marine, SCV  
  77  5:34  Terran Infantry Weapons Level 1, Terran Infantry Armor Level 1  
  77  5:35  SCV  
  78  5:38  Marine  
  78  5:41  Siege Tank  
  82  5:43  SCV  
  82  5:46  Marine  
  82  5:47  SCV  
  82  5:49  SCV  
  84  5:52  Marine  
  84  5:54  Marine  
  84  5:55  SCV  
  84  5:59  SCV  
  84  6:01  Marine, SCV, Supply Depot  
  87  6:04  Marine  
  87  6:06  Marine, Medivac x2  
  87  6:07  SCV  
  87  6:10  Marine  
  93  6:12  SCV  
  93  6:13  Marine, SCV  
  93  6:14  Barracks Reactor x2  
  93  6:17  Supply Depot  
  93  6:18  Supply Depot  
  92  6:19  SCV  
  92  6:21  Refinery x2  
  92  6:23  Siege Tank  
  92  6:24  Marine x2  
  98  6:25  SCV  
  98  6:27  SCV  
  98  6:32  SCV  
  101  6:34  Combat Shield  
  101  6:35  Supply Depot  
  101  6:38  Marine x3  
  101  6:39  SCV  
  105  6:40  Medivac  
  105  6:45  Marine  
  109  6:47  Marine, SCV x2, Supply Depot  
  109  6:51  Marine, SCV, Medivac  
  109  6:52  Marine  
  115  6:56  Marine x3, Supply Depot x2  
  115  6:59  Marine  
  115  7:00  SCV  
  120  7:03  Marine x2  
  120  7:05  Factory  
  120  7:07  Siege Tank  
  125  7:08  Marine  
  125  7:09  Marine  
  125  7:13  Armory  
  127  7:16  Marine, Supply Depot  
  127  7:18  Marine, Medivac  
  127  7:19  Supply Depot  
  127  7:20  Marine x2  
  133  7:22  Marine  
  133  7:23  Marine  
  133  7:24  Marine  
  133  7:29  Marine, Marauder  
  139  7:34  Command Center  
  139  7:38  Supply Depot  
  139  7:39  Marine x2  
  139  7:41  Marine  
  139  7:43  Supply Depot  
  142  7:46  Siege Tank  
  142  7:48  Marine  
  142  7:49  Medivac  
  142  7:50  Marauder  
  145  7:53  Marine x3  
  145  7:54  Marine  
  145  7:56  Marine  
  145  7:57  Marine  
  145  7:58  Medivac  
  145  8:01  Marine  
  148  8:06  Marine  
  148  8:07  Factory Tech Lab  
  148  8:11  Marine x4  
  148  8:12  Barracks  
  151  8:13  Barracks  
  151  8:15  Marine  
  151  8:16  Supply Depot  
  151  8:18  Siege Tank  
  151  8:19  Medivac  
  154  8:26  Marine x2, Siege Tank  
  154  8:27  Marine x2  
  157  8:28  Marine, Medivac  
  157  8:29  Marine  
  157  8:33  Supply Depot  
  157  8:34  Marine x3, Supply Depot  
  166  8:43  Marine  
  166  8:44  Marine x2  
  166  8:46  SCV  
  166  8:47  SCV  
  172  8:48  SCV  
  172  8:49  Medivac  
  172  8:50  Siege Tank  
  172  8:51  Marine  
  172  8:52  Marauder  
  172  8:54  Marine x2  
  180  8:56  Marine x2  
  180  8:59  Barracks  
  180  9:00  Barracks Tech Lab x2  
  179  9:05  Marine, Siege Tank  
  179  9:06  Marine  
  179  9:07  Marine  
  179  9:09  Marine, SCV x2  
  188  9:12  Marine  
  188  9:13  Marine x2  
  188  9:14  Marauder  
  188  9:15  Medivac  
  195  9:21  Marine  
  195  9:22  Siege Tank  
  198  9:28  Marine  
  199  9:31  Marine  
  184  9:41  Marine x9  
Tags
 
Add a new tag
Caveats
  • Supply blocks, unpowered buildings, or Contaminate may cause inaccurate times.
  • Supply counts are checked every 10 seconds.